 Dungeon Crawl Stone Soup version 0.24-a0-250-g6074511 (webtiles) character file.

Game seed: 10602376290723466297

291 Borgoz the Cutter (level 6, -4/37 HPs)
             Began as a Kobold Gladiator on Apr 14, 2019.
             Slain by an ogre
             ... wielding a cursed -1 giant club
              (16 damage)
             ... on level 4 of the Dungeon.
             The game lasted 00:03:50 (2548 turns).

Borgoz the Cutter (Kobold Gladiator)                Turns: 2548, Time: 00:03:50

Health: -4/37      AC: 15    Str: 13    XL:     6   Next: 59%
Magic:  6/6        EV: 15    Int: 10    God:
Gold:   276        SH:  0    Dex: 16    Spells: 5/5 levels left

rFire    . . .     SeeInvis .   w - +1 short sword (protect)
rCold    . . .     Gourm    .   (shield restricted)
rNeg     . . .     Faith    .   t - +0 ring mail
rPois    .         Spirit   .   c - +0 helmet
rElec    .         Reflect  .   (no cloak)
rCorr    .         Harm     .   k - +0 pair of gloves
MR       .....                  v - +0 pair of boots
Stlth    ++........             (no amulet)
HPRegen  0.12/turn              (no ring)
MPRegen  0.10/turn              (no ring)

@: protection aura
A: small, carnivore
a: no special abilities


You were on level 4 of the Dungeon.
You were completely stuffed.

You visited 1 branch of the dungeon, and saw 4 of its levels.

You collected 276 gold pieces.

Inventory:

Hand Weapons
 a - a +0 rapier
 w - a +1 short sword of protection (weapon)
Missiles
 y - a throwing net (quivered)
Armour
 c - a +0 helmet (worn)
 k - a +0 pair of gloves (worn)
 t - a +0 ring mail (worn)
 v - a +0 pair of boots (worn)
Wands
 x - a wand of clouds (3)
Scrolls
 b - a scroll of noise {unknown}
 i - 2 scrolls of teleportation {unknown}
 m - a scroll of remove curse {unknown}
 o - a scroll of random uselessness {unknown}
 q - 3 scrolls of magic mapping {unknown}
 r - 2 scrolls of amnesia {unknown}
 s - a scroll of identify {unknown}
Potions
 e - a potion of agility
 g - 2 potions of curing
 h - a potion of degeneration {unknown}
 j - a potion of cancellation {unknown}
 l - 3 potions of heal wounds {unknown}
 n - 4 potions of flight {unknown}
 p - 3 potions of lignification {unknown}
 u - a potion of invisibility {unknown}
Comestibles
 d - 6 chunks of flesh
 f - 10 rations


   Skills:
 + Level 3.4 Fighting
 + Level 5.1 Short Blades
 - Level 2.1 Throwing
 * Level 2.8 Armour
 + Level 4.7 Dodging
 + Level 3.2 Stealth


You had 5 spell levels left.
You didn't know any spells.
Your spell library was empty.

Dungeon Overview and Level Annotations

Branches:
Dungeon (4/15)             Temple (0/1) D:4

Altars:
Sif Muna
Uskayaw

Annotations:
D:3 1 runed translucent door, Hylith's ghost, amateur DsFi


Innate Abilities, Weirdness & Mutations

You are small and have problems with some larger weapons.
You are carnivorous and can eat meat at any time.


Message History

The ogre struggles against the net.
You hit the ogre.
The ogre is moderately wounded.
You hit the ogre but do no damage.
The ogre is moderately wounded.
The ogre struggles against the net.
You hit the ogre.
The ogre is moderately wounded.
The ogre struggles against the net.
You hit the ogre.
The ogre is heavily wounded.
An ogre comes into view. It is wielding a +0 giant club.
The ogre struggles against the net.
The net rips apart, and the ogre comes free!
The ogre shouts!
You hit the ogre.
The ogre is heavily wounded.
The leopard gecko misses you.
The ogre hits you with a cursed -1 giant club!
You die...

...........###.#>.#.........
..........###...............
.......#########...........
..###..###.##.............
#...#.........)..##..#
#.#.......#........#....
..O...###....##..##...
#.O...#....###......
#.l@...#....<.......
.##......#............
.........†.............
..##!......#.....##.....
#......####...# #....
#......# #.†..# ....
#......# ##..... ...
#.....## ##...... ..
....?.## .$.#.....


You could see 2 ogres and a leopard gecko.

Vanquished Creatures
  An ogre (D:4)
  A howler monkey (D:4)
  4 gnolls (D:4)
  5 adders
  5 dart slugs
  2 leopard geckos (D:2)
  An orc (D:3)
  3 giant cockroaches
  8 goblins
  8 hobgoblins
  9 jackals
  4 quokkas
  2 ball pythons
  6 bats
  3 frilled lizards (D:2)
  5 kobolds
  11 rats
78 creatures vanquished.

Notes
Turn   | Place    | Note
-------+----------+-------------------------------------------
     0 | D:1      | Borgoz the Kobold Gladiator began the quest for the Orb.
     0 | D:1      | Reached XP level 1. HP: 12/12 MP: 1/1
   108 | D:1      | Reached XP level 2. HP: 4/17 MP: 2/2
   419 | D:1      | Reached skill level 1 in Stealth
   663 | D:2      | Reached XP level 3. HP: 18/22 MP: 3/3
   675 | D:2      | Reached skill level 1 in Armour
   836 | D:2      | Reached XP level 4. HP: 20/27 MP: 4/4
  1925 | D:3      | Reached XP level 5. HP: 32/32 MP: 5/5
  2056 | D:3      | Found a hide-covered altar of Uskayaw.
  2056 | D:3      | Found a deep blue altar of Sif Muna.
  2239 | D:3      | Found a runed translucent door.
  2239 | D:3      | Noticed Hylith's ghost (amateur DsFi)
  2288 | D:4      | Noticed an ogre
  2300 | D:4      | Killed an ogre
  2300 | D:4      | Reached XP level 6. HP: 37/37 MP: 6/6
  2428 | D:4      | Found a staircase to the Ecumenical Temple.
  2452 | D:4      | Reached skill level 5 in Short Blades
  2537 | D:4      | Noticed an ogre
  2547 | D:4      | Noticed an ogre
  2548 | D:4      | Slain by an ogre

Levels and vault maps discovered:
D:1:      lightli_arrival_quake, layout_rooms, chequers_serial_rivers_micro_b
D:2:      layout_loops_corners
D:3:      layout_rooms, chequers_temple_overflow_statue_of_worship,
          gammafunk_ghost_grave
D:4:      layout_cave_pools, minmay_temple_entry_waves

Skill      XL: |  1  2  3  4  5  6 |
---------------+-------------------+-----
Stealth        | 1 2 3 |  3.2
Armour         | 1 2 |  2.8
Dodging        | 4 |  4.7
Fighting       | 3 |  3.4
Short Blades   | 5 |  5.1
Throwing       | |  2.1

Action                   |  1- 3 |  4- 6 || total
-------------------------+-------+-------++-------
Melee: Rapier            |    82 |   117 ||   199
       Short sword       |       |    62 ||    62
Throw: Throwing net      |       |     4 ||     4
  Use: Potion            |     2 |       ||     2
 Stab: Sleeping          |     2 |     3 ||     5
       Held in net/web   |       |     1 ||     1
  Eat: Chunk             |     6 |     8 ||    14
Armor: Leather armour    |    12 |    12 ||    24
       Ring mail         |       |    43 ||    43
Dodge: Dodged            |    73 |   137 ||   210

Table legend:
 A = Non-vault XP
 B = Vault XP
 C = Vault XP percentage of total XP
 D = Non-vault monster count
 E = Vault monster count
 F = Vault count percentage of total count
                 A         B        C        D         E       F
            +---------+---------+-------+---------+---------+-------
      Total |     417 |       0 |   0.0 |      78 |       0 |   0.0
            +---------+---------+-------+---------+---------+-------
        D:1 |      27 |       0 |   0.0 |      16 |       0 |   0.0
        D:2 |      83 |       0 |   0.0 |      27 |       0 |   0.0
        D:3 |      50 |       0 |   0.0 |      26 |       0 |   0.0
        D:4 |     257 |       0 |   0.0 |       9 |       0 |   0.0
            +---------+---------+-------+---------+---------+-------
